 Dungeon Crawl Stone Soup version 0.17.1-3-g152610e (webtiles) character file.

481 barb4r1an the Shield-Bearer (level 7, 0/44 HPs)
             Began as a Gargoyle Fighter on Apr 9, 2016.
             Slain by a gnoll (2 damage)
             ... on level 4 of the Dungeon.
             The game lasted 00:13:10 (3362 turns).

barb4r1an the Shield-Bearer (Gargoyle Fighter)      Turns: 3362, Time: 00:13:10

Health: 0/44       AC: 16    Str: 21    XL:     7   Next: 12%
Magic:  7/7        EV:  8    Int:  8    God:
Gold:   163        SH: 10    Dex: 10    Spells: 0 memorised, 6 levels left

rFire  . . .     SeeInvis .     v - -3 spear (curse)
rCold  . . .     Clarity  +     b - +0 scale mail
rNeg   + . .     SustAt   .     c - +0 shield
rPois  ∞         Gourm    .     w - +0 helmet
rElec  +         Spirit   .     (no cloak)
rCorr  .         Warding  .     (no gloves)
rMut   .         Stasis   .     h - +2 pair of boots
MR     .....                    q - amulet of clarity
Stlth  ..........               (no ring)
                                (no ring)

@: not resistant to hostile enchantments, extremely unstealthy
A: negative energy resistance 1, electricity resistance, unbreathing,
petrification resistance, rot immunity, AC +4
a: no special abilities


You were on level 4 of the Dungeon.
You were not hungry.

You visited 1 branch of the dungeon, and saw 4 of its levels.

You collected 163 gold pieces.

Inventory:

Hand Weapons
 a - a +0 flail
 v - a cursed -3 spear (weapon)
 z - a +0 mace of protection
Armour
 b - a +0 scale mail (worn)
 c - a +0 shield (worn)
 h - a +2 pair of boots (worn)
 w - a +0 helmet (worn)
Jewellery
 q - an amulet of clarity (around neck)
Wands
 t - a wand of enslavement (6)
 y - a wand of draining (8)
Scrolls
 g - 2 scrolls of recharging
 l - a scroll of amnesia
 p - a scroll of enchant weapon {unknown}
 B - a scroll of identify
Potions
 d - a potion of might
 e - a potion of heal wounds {unknown}
 f - a potion of haste {unknown}
 k - 2 potions of invisibility
 m - a potion of lignification {unknown}
 n - a potion of beneficial mutation {unknown}
 s - a potion of degeneration {unknown}
 u - a potion of curing {unknown}
 x - a potion of poison {unknown}
 A - a potion of flight {unknown}
Comestibles
 i - 3 meat rations
 j - 5 fruits
 o - a beef jerky
 r - a bread ration


   Skills:
 + Level 4.5 Fighting
 + Level 3.5 Maces & Flails
 + Level 4.7 Armour
 + Level 2.2 Dodging
 + Level 5.4 Shields


You had 6 spell levels left.
You didn't know any spells.

Dungeon Overview and Level Annotations

Branches:
Dungeon (4/15)
 Temple: D:4-7

Altars:
Fedhas


Innate Abilities, Weirdness & Mutations

You are resistant to torment.
Your stone body is resilient (AC +4).
You are immune to poison.
You resist negative energy.
You are resistant to electric shocks.
You can survive without breathing.
You are immune to petrification.
You are immune to rotting.


Message History

You block the gnoll's attack. x2
The gnoll hits you but does no damage. The gnoll shaman hits you with a whip.
* * * LOW HITPOINT WARNING * * *
You block the gnoll's attack.
Your shield prevents you from hitting the gnoll shaman.
The gnoll shaman is moderately wounded.
You block the gnoll's attack. x2
You block the gnoll shaman's attack. The gnoll hits you with a flail.
* * * LOW HITPOINT WARNING * * *
The gnoll barely misses you. The gnoll hits you but does no damage.
You hit the gnoll shaman but do no damage.
The gnoll shaman is lightly wounded.
You block the gnoll's attack. The gnoll hits you but does no damage.
The gnoll shaman hits you but does no damage.
The gnoll hits you but does no damage.
Your shield and scale mail prevent you from hitting the gnoll shaman.
The gnoll shaman is lightly wounded.
The gnoll hits you but does no damage. You block the gnoll's attack.
The gnoll shaman barely misses you. The gnoll hits you.
You die...

####.......#.#.##.######
####.........#.##.#
..................###
...........#........#
####.......#.#.##.###
...............##.####
####.....###.........#
..##.....#######..##.#
...............#@g##.#
###.........(..#gg##.#
....##...#..#..#gg##.#
.##.##...#..#..#..##.#
######......[........###
#.#.#.##..........#
##.#.#.##.##..#..#.#
+.........##..#..#.#
##.#.#.##.##..#..#.#


You could see a gnoll shaman and 4 gnolls.

Vanquished Creatures
  An ogre (D:4)
  2 scorpions
  A crimson imp (D:4)
  A quasit (D:4)
  A hound (D:4)
  A worker ant (D:4)
  A hound skeleton (D:4)
  Robin (D:4)
  3 adders
  2 oozes
  2 worms
  3 giant geckos (D:4)
  3 orcs
  19 goblins
  14 hobgoblins
  7 jackals (D:4)
  11 kobolds
  2 quokkas
  3 ball pythons
  9 bats
  5 giant cockroaches
  A giant gecko skeleton (D:4)
  8 giant newts
  A jackal skeleton (D:4)
  6 rats
108 creatures vanquished.

Notes
Turn   | Place    | Note
--------------------------------------------------------------
     0 | D:1      | barb4r1an the Gargoyle Fighter began the quest for the Orb.
     0 | D:1      | Reached XP level 1. HP: 14/14 MP: 1/1
   305 | D:1      | Reached XP level 2. HP: 16/19 MP: 2/2
   652 | D:1      | Reached XP level 3. HP: 23/23 MP: 3/3
  1024 | D:2      | Found a blossoming altar of Fedhas.
  1165 | D:2      | Reached skill level 1 in Dodging
  1255 | D:2      | Reached skill level 4 in Shields
  1381 | D:2      | Reached XP level 4. HP: 24/29 MP: 4/4
  1802 | D:3      | Reached XP level 5. HP: 27/33 MP: 5/5
  2558 | D:4      | Reached XP level 6. HP: 32/38 MP: 6/6
  2818 | D:4      | Noticed Robin
  2830 | D:4      | Killed Robin
  2887 | D:4      | Reached skill level 5 in Shields
  2997 | D:4      | Noticed an ogre
  3006 | D:4      | Killed an ogre
  3006 | D:4      | Reached XP level 7. HP: 36/44 MP: 7/7
  3360 | D:4      | HP: 2/44 [gnoll/flail (4)]
  3362 | D:4      | Slain by a gnoll

Action                   |  1- 3 |  4- 6 |  7- 9 || total
-------------------------+-------+-------+-------++-------
Melee: Flail             |   154 |   234 |     4 ||   392
       Spear             |       |       |   142 ||   142
  Use: Scroll            |     1 |     5 |       ||     6
  Eat: Bread ration      |       |     1 |       ||     1
       Meat ration       |       |     1 |       ||     1
